 Dungeon Crawl Stone Soup version 0.23.1 (webtiles) character file.

Game seed: 12991129202753315141

5843 Bapho the Cleaver (level 10, -4/90 (91) HPs)
             Began as a Minotaur Berserker on Mar 5, 2019.
             Was a High Priest of Trog.
             Slain by a crocodile (10 damage)
             ... on level 8 of the Dungeon.
             The game lasted 00:14:51 (7649 turns).

Bapho the Cleaver (Minotaur Berserker)              Turns: 7649, Time: 00:14:52

HP:   -4/90 (91)    AC: 15    Str: 29    XL:     10   Next: 51%
MP:   9/9           EV: 11    Int:  4    God:    Trog [*****.]
Gold: 403           SH:  0    Dex: 11    Spells: 9/9 levels left

rFire    . . .     SeeInvis .   a - +0 hand axe
rCold    . . .     Gourm    .   (no shield)
rNeg     . . .     Faith    .   t - +0 plate armour
rPois    .         Spirit   .   (helmet restricted)
rElec    .         Reflect  .   (no cloak)
rCorr    .         Harm     .   (no gloves)
MR       .....                  j - +0 pair of boots
Stlth    ..........             (no amulet)
HPRegen  0.25/turn              (no ring)
MPRegen  0.11/turn              (no ring)

@: mighty, berserk cooldown, slowed, very slow
A: retaliatory headbutt, horns 2
a: Berserk, Trog's Hand, Brothers in Arms, Renounce Religion


You were on level 8 of the Dungeon.
You worshipped Trog.
Trog was extremely pleased with you.
You were near starving.

You visited 1 branch of the dungeon, and saw 8 of its levels.

You collected 403 gold pieces.

Inventory:

Hand Weapons
 a - a +0 hand axe (weapon)
Missiles
 e - 398 stones (quivered)
Armour
 b - a +0 animal skin
 j - a +0 pair of boots (worn)
 p - a +1 animal skin
 t - a +0 plate armour (worn)
Jewellery
 H - an uncursed ring of fire {unknown}
Wands
 y - a wand of disintegration (13)
 B - a wand of paralysis (7)
 E - a wand of iceblast (6)
 F - a wand of enslavement (8)
 G - a wand of acid (17)
Scrolls
 d - a scroll of magic mapping {unknown}
 f - 10 scrolls of identify {unknown}
 g - 4 scrolls of immolation {unknown}
 i - 10 scrolls of remove curse {unknown}
 k - 5 scrolls of teleportation {unknown}
 o - a scroll of fear {unknown}
 q - a scroll of random uselessness {unknown}
 v - a scroll of noise {unknown}
 w - 2 scrolls of amnesia {unknown}
 C - a scroll of enchant weapon {unknown}
 I - a scroll of blinking {unknown}
Potions
 h - 2 potions of might
 l - 2 potions of magic {unknown}
 m - a potion of degeneration {unknown}
 n - 3 potions of heal wounds {unknown}
 r - 3 potions of haste
 s - 3 potions of flight {unknown}
 u - 7 potions of curing {unknown}
 x - a potion of mutation {unknown}
 z - a potion of brilliance {unknown}
 A - a potion of lignification {unknown}
 D - a potion of invisibility {unknown}
Comestibles
 c - 15 rations


   Skills:
 + Level 9.3 Fighting
 * Level 12.2 Axes
 + Level 8.8 Armour
 + Level 8.0 Dodging


You had 9 spell levels left.
You didn't know any spells.
Your spell library contained the following spells:

 Spells                   Type           Power        Failure   Level  Hunger
 Magic Dart               Conj           #...         99%         1    ##.....
 Sandblast                Erth           #.....       99%         1    ##.....
 Blink                    Tloc           N/A          100%        2    ###....
 Call Imp                 Summ           #.......     100%        2    ###....
 Passwall                 Tmut/Erth      #.......     100%        2    ###....
 Searing Ray              Conj           #.....       100%        2    ###....
 Slow                     Hex            #.......     100%        2    ###....
 Conjure Flame            Conj/Fire      #.......     100%        3    ####...
 Dazzling Spray           Conj/Hex       #.....       100%        3    ####...
 Mephitic Cloud           Conj/Pois/Air  #.......     100%        3    ####...
 Stone Arrow              Conj/Erth      #.....       100%        3    ####...
 Force Lance              Conj/Tloc      #.......     100%        4    #####..
 Fulminant Prism          Conj/Hex       #.........   100%        4    #####..
 Iskenderun's Mystic Bla  Conj           #.......     100%        4    #####..
 Petrify                  Tmut/Erth      #.......     100%        4    #####..
 Lee's Rapid Deconstruct  Erth           #.........   100%        5    ######.


Dungeon Overview and Level Annotations

Branches:
Dungeon (8/15)             Temple (0/1) D:4            Lair (0/6) D:8

Altars:
Qazlal

Shops:
D:4 =   D:5 ?


Innate Abilities, Weirdness & Mutations

You reflexively headbutt those who attack you in melee.
You have a pair of horns on your head.


Message History

The yak is heavily wounded.
You are no longer berserk.
You are exhausted.
You feel yourself slow down.
Unknown command.
You feel very mighty all of a sudden. The yak gores you.
* * * LOW HITPOINT WARNING * * *
The yak gores you but does no damage.
You slash the yak! Your headbutt misses the yak.
The yak is almost dead.
The yak barely misses you.
You hit the yak.
You kill the yak!
Trog accepts your kill.
You slash the crocodile!
The crocodile is heavily wounded.
The crocodile bites you but does no damage.
The crocodile bites you!
You die...

#. #. #### #. #.. #.
##.###.# #. #.<....#
#.
##.##################.
#..†.@tY5K.Kl†..5..(.K
######################


You could see a yak, a basilisk, a crocodile, a shadow imp and 2 kobolds.

Vanquished Creatures
  Harold (D:7)
  A hornet (D:7)
  Grinder (D:6)
  A hippogriff (D:7)
  2 yaks (D:8)
  A basilisk (D:8)
  Menkaure (D:7)
  4 porcupines (D:8)
  A hornet zombie (D:6)
  An orc warrior (D:7)
  2 ice beasts
  4 sky beasts
  A phantom (D:4)
  A necrophage (D:7)
  3 ogres (D:7)
  2 centaurs
  2 crocodiles (D:8)
  A big kobold (D:8)
  7 bullfrogs
  2 scorpions
  2 howler monkeys (D:5)
  A centaur zombie (D:5)
  3 crimson imps
  8 hounds
  A bullfrog skeleton (D:6)
  6 orc priests
  A jelly (D:6)
  2 centaur skeletons (D:4)
  Jessica (D:2)
  9 orc wizards
  Natasha (thrice) (D:2)
  5 worker ants
  A hound skeleton (D:7)
  A worker ant zombie (D:5)
  Robin (D:2)
  3 gnolls (D:4)
  12 adders
  A shadow imp (D:7)
  2 oozes
  An adder zombie (D:7)
  An adder skeleton (D:7)
  2 worms
  4 dart slugs
  5 leopard geckos
  26 orcs
  A ball python (D:1)
  6 giant cockroaches
  16 goblins
  11 hobgoblins
  11 kobolds
  4 quokkas
  3 bats
  9 frilled lizards
  A quokka zombie (D:6)
  7 rats
210 creatures vanquished.

Notes
Turn   | Place    | Note
-------+----------+-------------------------------------------
     0 | D:1      | Bapho the Minotaur Berserker began the quest for the Orb.
     0 | D:1      | Reached XP level 1. HP: 19/19 MP: 0/0
   183 | D:1      | Reached XP level 2. HP: 22/27 MP: 1/1
   184 | D:1      | Reached skill level 4 in Axes
   572 | D:1      | Reached ** piety under Trog
   573 | D:1      | Reached XP level 3. HP: 32/33 MP: 2/2
  1054 | D:2      | Noticed Jessica
  1062 | D:2      | Killed Jessica
  1062 | D:2      | Reached XP level 4. HP: 37/40 MP: 3/3
  1247 | D:2      | Found a faded altar of an unknown god.
  1277 | D:2      | Noticed Robin
  1287 | D:2      | Killed Robin
  1289 | D:2      | Reached skill level 5 in Axes
  1453 | D:2      | Noticed Natasha
  1458 | D:2      | Killed Natasha
  1571 | D:2      | Noticed Natasha
  1585 | D:2      | Killed Natasha
  1585 | D:2      | Reached XP level 5. HP: 42/47 MP: 4/4
  1775 | D:2      | Noticed Natasha
  1785 | D:2      | Killed Natasha
  1785 | D:2      | Reached *** piety under Trog
  2781 | D:3      | Reached XP level 6. HP: 55/55 MP: 5/5
  2802 | D:3      | Reached skill level 6 in Axes
  3064 | D:3      | Reached skill level 5 in Fighting
  3338 | D:4      | Found a staircase to the Ecumenical Temple.
  3681 | D:4      | Reached XP level 7. HP: 61/61 MP: 6/6
  3756 | D:4      | Reached **** piety under Trog
  3756 | D:4      | Reached skill level 7 in Axes
  3888 | D:4      | Reached skill level 5 in Armour
  4202 | D:4      | Found Bukkaanemm's Jewellery Emporium.
  4340 | D:5      | Entered Level 5 of the Dungeon
  4340 | D:5      | Found Hoeqoffe's Magic Scroll Boutique.
  4357 | D:5      | Reached skill level 8 in Axes
  4357 | D:5      | Reached XP level 8. HP: 70/70 MP: 7/7
  4398 | D:5      | Reached skill level 5 in Dodging
  4876 | D:5      | Found a stormy altar of Qazlal.
  5055 | D:6      | Reached skill level 9 in Axes
  5342 | D:6      | Noticed Grinder
  5353 | D:6      | Killed Grinder
  5353 | D:6      | Reached XP level 9. HP: 79/79 MP: 8/8
  5680 | D:6      | Reached skill level 10 in Axes
  5898 | D:7      | Reached ***** piety under Trog
  6500 | D:7      | Noticed Menkaure
  6508 | D:7      | Killed Menkaure
  6508 | D:7      | Reached skill level 11 in Axes
  6759 | D:7      | Paralysed by a hornet for 3 turns
  6928 | D:7      | Reached XP level 10. HP: 65/89 MP: 9/9
  7220 | D:7      | Noticed Harold
  7240 | D:7      | Killed Harold
  7563 | D:8      | Found a staircase to the Lair.
  7604 | D:8      | Reached skill level 12 in Axes
  7649 | D:8      | Slain by a crocodile

Skill      XL: |  1  2  3  4  5  6  7  8  9 10 |
---------------+-------------------------------+-----
Axes           | 4 5 6 8 9 11 12 | 12.2
Fighting       | 4 5 6 7 8 9 |  9.3
Armour         | 3 4 5 6 8 |  8.8
Dodging        | 3 4 6 7 8 |  8.0

Action                   |  1- 3 |  4- 6 |  7- 9 | 10-12 || total
-------------------------+-------+-------+-------+-------++-------
Melee: Hand axe          |    62 |   158 |   279 |    80 ||   579
       Headbutt          |     7 |    28 |    57 |    21 ||   113
Throw: Stone             |    49 |   126 |   121 |       ||   296
Invok: Berserk           |     2 |     7 |    12 |     3 ||    24
       Trog's Hand       |       |       |     1 |     1 ||     2
Evoke: Wand              |       |       |       |     2 ||     2
  Use: Potion            |       |       |       |     1 ||     1
 Stab: Sleeping          |     1 |       |       |       ||     1
  Eat: Chunk             |     1 |    15 |    20 |       ||    36
       Ration            |       |       |     1 |     1 ||     2
Armor: Animal skin       |    13 |    15 |       |       ||    28
       Plate armour      |       |    37 |   149 |    26 ||   212
Dodge: Dodged            |    34 |    76 |    94 |    30 ||   234
